 Dungeon Crawl Stone Soup version 0.29.1-1-gd02db6906a (webtiles) character file.

Game seed: 13043415413107588596

45 RogueRain17 the Chopper (level 3, 0/29 HPs)
             Began as a Demonspawn Monk on Sept 23, 2022.
             Succumbed to a scorpion's poison
             ... on level 3 of the Dungeon.
             The game lasted 00:03:53 (2173 turns).

RogueRain17 the Chopper (Demonspawn Monk)           Turns: 2173, Time: 00:03:54

Health: 0/29       AC:  2    Str: 13    XL:     3   Next: 42%
Magic:  3/3        EV: 17    Int: 11    God:
Gold:   69         SH:  0    Dex: 15    Spells: 2/2 levels left

rFire   . . .      SeeInvis .   a - +0 hand axe
rCold   . . .      Faith    .   (no shield)
rNeg    . . .      Spirit   .   b - +0 robe
rPois   .          Reflect  .   (helmet restricted)
rElec   .          Harm     .   (no cloak)
rCorr   .          Rampage  .   (no gloves)
Will    .....                   (no boots)
Stlth   ++........              (no amulet)
HPRegen 0.09/turn               h - +4 ring of evasion
MPRegen 0.08/turn               (no ring)

@: mighty, lethally poisoned (0 -> -4), hasted, very quick
A: antennae 2
a: no special abilities


You were on level 3 of the Dungeon.
You visited 1 branch of the dungeon, and saw 3 of its levels.

You collected 69 gold pieces.

Inventory:

Hand Weapons
 a - a +0 hand axe (weapon)
Armour
 b - a +0 robe (worn)
 i - a +0 buckler
Jewellery
 h - a +4 ring of evasion (left hand)
Scrolls
 e - 3 scrolls of identify {unknown}
 f - a scroll of magic mapping {unknown}
 g - a scroll of acquirement {unknown}
 l - a scroll of vulnerability {unknown}
 m - a scroll of amnesia {unknown}
 n - a scroll of teleportation {unknown}
 p - a scroll of fear {unknown}
Potions
 k - a potion of attraction {unknown}
 o - a potion of resistance {unknown}


   Skills:
 - Level 3.0 Fighting
 * Level 3.7 Axes
 + Level 3.2 Dodging
 - Level 1.7 Stealth


You had 2 spell levels left.
You didn't know any spells.
Your spell library was empty.

Dungeon Overview and Level Annotations

Branches:
Dungeon (2/15)

Altars:
Trog


Innate Abilities, Weirdness & Mutations

You have a pair of antennae on your head.


Message History

The hobgoblin barely misses you. The scorpion barely misses you.
The scorpion misses you. The hobgoblin attacks as you move away!
The hobgoblin closely misses you.
You hit the hobgoblin.
The hobgoblin is heavily wounded.
The hobgoblin hits you. x2
You completely miss the hobgoblin.
The hobgoblin is heavily wounded.
The hobgoblin barely misses you.
You hit the hobgoblin but do no damage.
The hobgoblin is heavily wounded.
The hobgoblin closely misses you.
You closely miss the hobgoblin.
The hobgoblin is heavily wounded.
The hobgoblin misses you.
You hit the hobgoblin.
You kill the hobgoblin!
The scorpion misses you.
You closely miss the scorpion. The scorpion stings you.
You are poisoned.
The scorpion poisons you!
You hit the scorpion.
The scorpion is lightly wounded.
You feel very sick. The scorpion completely misses you.
You barely miss the scorpion.
The scorpion is lightly wounded.
You feel sick. The scorpion closely misses you.
It was a potion of might.
You feel very mighty all of a sudden.
You feel sick. The scorpion stings you. The scorpion closely misses you.
You hit the scorpion.
The scorpion is moderately wounded.
You feel sick. The scorpion completely misses you.
You barely miss the scorpion.
The scorpion is moderately wounded.
You feel sick. The scorpion stings you.
* * * LOW HITPOINT WARNING * * *
It was a potion of haste.
You feel yourself speed up.
You die...

#>.........####.#
#...............#####
#..........####......
#..........# #.#####
#####.###### #..####
##.# ##..... #..#
###... #.## #... #@#
#### ##s####
##.....## ##.>.....##
#.........#
#.........#
#.........#
#.........#
#...........


You could see a scorpion.

Vanquished Creatures
  An adder (D:3)
  2 worms (D:3)
  A dart slug (D:1)
  3 bats
  3 endoplasms
  A giant cockroach (D:1)
  A goblin (D:1)
  3 hobgoblins
  A quokka (D:1)
  7 ball pythons (D:1)
  2 frilled lizards
  5 rats
30 creatures vanquished.

Notes
Turn   | Place    | Note
-------+----------+-------------------------------------------
     0 | D:1      | RogueRain17 the Demonspawn Monk began the quest for the
                  | Orb.
     0 | D:1      | Reached XP level 1. HP: 18/18 MP: 1/1
   452 | D:1      | Gained mutation: You have a pair of small antennae on your
                  | head. [demonic ancestry]
   452 | D:1      | Reached XP level 2. HP: 3/24 MP: 2/2
  1442 | D:2      | You fall into a shaft and drop 1 floor!
  1530 | D:3      | Gained mutation: You have a pair of antennae on your head.
                  | [demonic ancestry]
  1530 | D:3      | Reached XP level 3. HP: 17/29 MP: 3/3
  1711 | D:3      | Found a faded altar of an unknown god.
  1735 | D:3      | Noticed a moth of wrath
  1738 | D:3      | Found a bloodstained altar of Trog.
  1926 | D:3      | Identified the +1 quarterstaff of Dearobez {protect, Will-
                  | rCorr Str+5 Stlth+}
  2153 | D:3      | Noticed a scorpion
  2172 | D:3      | HP: 1/29 [scorpion (6)]
  2173 | D:3      | Succumbed to a scorpion's poison

Illustrated notes

Levels and vault maps discovered:
D:1:      lightli_arrival_quake, layout_loops_ring
D:2:      layout_loops_ring, serial_shops, nicolae_shop_window_shopping,
          chequers_serial_rivers_large_b, minmay_small_reverse_x, uniq_terence
D:3:      layout_rooms, tgw_trog, dreamdust_ecumenical_altar_angels_and_demons,
          uniq_ijyb

Skill      XL: |  1  2 |
---------------+-------+-----
Axes           | 3 |  3.7
Dodging        | 3 |  3.2
Fighting       | |  3.0
Stealth        | |  1.7

Action                   || total
-------------------------++-------
Melee: Hand axe          ||   147
       Punch             ||     2
  Use: Potion            ||     4
 Stab: Sleeping          ||     5
Armor: Robe              ||    21
Dodge: Dodged            ||   118
